 Dungeon Crawl Stone Soup version 0.25-a0-474-ga8a2ee3166 (webtiles) character file.

Game seed: 1660118080783202743, levelgen mode: deterministic

86 Eurus the Magician (level 4, -10/33 HPs)
             Began as a Mummy Conjurer on Feb 8, 2020.
             Mangled by a gnoll
             ... wielding a +0 halberd
              (13 damage)
             ... on level 2 of the Dungeon.
             The game lasted 00:06:07 (2696 turns).

Eurus the Magician (Mummy Conjurer)                 Turns: 2696, Time: 00:06:07

Health: -10/33     AC:  2    Str: 11    XL:     4   Next: 26%
Magic:  3/9        EV: 12    Int: 15    God:
Gold:   106        SH:  0    Dex: 12    Spells: 7/10 levels left

rFire    x . .     SeeInvis .   f - +0 dagger
rCold    + . .     Gourm    .   (no shield)
rNeg     + + +     Faith    .   a - +0 robe
rPois    ∞         Spirit   .   (no helmet)
rElec    .         Reflect  .   (no cloak)
rCorr    .         Harm     .   (no gloves)
MR       .....                  (no boots)
Stlth    ++........             (no amulet)
HPRegen  0.11/turn              (no ring)
MPRegen  0.11/turn              (no ring)

@: no status effects
A: no food or potions, fire vulnerability, cold resistance 1, negative energy
resistance 3, torment resistance, unbreathing
a: no special abilities


You were on level 2 of the Dungeon.
You were not hungry.

You visited 1 branch of the dungeon, and saw 2 of its levels.

You collected 106 gold pieces.

Inventory:

Hand Weapons
 f - a +0 dagger (weapon)
Armour
 a - a +0 robe (worn)
Jewellery
 c - a +2 amulet of reflection {unknown}
Scrolls
 b - 3 scrolls of teleportation {unknown}
 d - 2 scrolls of identify {unknown}
 e - a scroll of immolation {unknown}
 g - a scroll of fear {unknown}


   Skills:
 + Level 2.1 Fighting
 - Level 1.5 Dodging
 - Level 1.5 Stealth
 + Level 3.9 Spellcasting
 + Level 3.8 Conjurations


You had 7 spell levels left.
You knew the following spells:

 Your Spells              Type           Power        Failure   Level  Hunger
a - Magic Dart            Conj           ##..         3%          1    N/A
b - Searing Ray           Conj           ##....       5%          2    N/A

Your spell library contained the following spells:

 Spells                   Type           Power        Failure   Level  Hunger
 Dazzling Flash           Conj/Hex       #.....       24%         3    N/A
 Fulminant Prism          Conj/Hex       #.........   63%         4    N/A
 Iskenderun's Mystic Bla  Conj/Tloc      #.......     63%         4    N/A

Dungeon Overview and Level Annotations

Branches:
Dungeon (2/15)

Altars:

Annotations:
D:2 Natasha


Innate Abilities, Weirdness & Mutations

You do not eat or drink.
Your flesh is vulnerable to fire.
You are immune to poison.
Your flesh is cold resistant. (rC+)
You are immune to negative energy. (rN+++)
You are immune to unholy pain and torment.
You can survive without breathing.


Message History

The searing ray misses the shadow imp.
The searing ray hits Natasha.
You kill Natasha!
Natasha screams in pain as she dies!
The shadow imp disappears in a puff of smoke!
Your Fighting skill increases to level 2!
You have reached level 4! (Press . to maintain the ray.)
The gnoll throws a throwing net.
The throwing net closely misses you.
The gnoll throws a throwing net.
The throwing net hits you.
You become entangled in the net!
You see here a throwing net.
You struggle against the net.
You struggle against the net.
Natasha, Servant of Life and Death comes into view.
She is carrying a wand of flame (9).
You struggle against the net.
You struggle against the net.
You struggle against the net.
The gnoll closely misses you.
You shred the net and break free!
The gnoll hits you from afar with a +0 halberd!
You die...

# #..#.########. #
########.###.........
######.......##
##.######
............## ##.#
..##########.## ##.##
.## ##.###.########
#.. ##.#.#.......#
..... ##.#.######.#
#.####
##..@#######.## .#
#..(.†g.w.....# .#
##...#####....<. .#
##..# #.... ##.# .##
#.# ###


You could see a worm and a gnoll.

Vanquished Creatures
  Natasha (D:2)
  An ooze (D:1)
  A dart slug (D:2)
  3 leopard geckos (D:1)
  4 giant cockroaches
  12 goblins
  3 hobgoblins
  4 jackals (D:1)
  2 kobolds (D:1)
  6 bats
  4 frilled lizards
  5 rats
  A bush (D:1)
  2 plants (D:1)
49 creatures vanquished.

Notes
Turn   | Place    | Note
-------+----------+-------------------------------------------
     0 | D:1      | Eurus the Mummy Conjurer began the quest for the Orb.
     0 | D:1      | Reached XP level 1. HP: 13/13 MP: 4/4
   340 | D:1      | Reached XP level 2. HP: 20/20 MP: 4/6
   363 | D:1      | Learned a level 2 spell: Searing Ray
   595 | D:1      | Reached skill level 1 in Fighting
  1046 | D:1      | Reached XP level 3. HP: 19/26 MP: 7/7
  2681 | D:2      | Noticed Natasha
  2685 | D:2      | HP: 1/27 [Natasha/puff of flame (19)]
  2689 | D:2      | Killed Natasha
  2689 | D:2      | Reached XP level 4. HP: 2/33 MP: 2/9
  2692 | D:2      | Noticed Natasha
  2696 | D:2      | Mangled by a gnoll

Levels and vault maps discovered:
D:1:      scummos_arrival_simple_fountains, layout_loops_corners, serial_forest,
          infiniplex_forest_lined_room_2, infiniplex_forest_lined_ring,
          infiniplex_forest_straight_4, infiniplex_forest_corner_1,
          infiniplex_forest_clump_double, infiniplex_forest_clump_diagonal,
          infiniplex_forest_lined_3, infiniplex_forest_split,
          minmay_close_crescents
D:2:      layout_loops_ring, nicolae_tso_swordbearing_angel,
          lemuel_statue_altar, uniq_natasha

Skill      XL: |  1  2  3 |
---------------+----------+-----
Spellcasting   | 3 |  3.9
Fighting       | 1 2 |  2.1
Dodging        | |  1.5
Stealth        | |  1.5
Conjurations   | |  3.8

Action                   |  1- 3 |  4- 6 || total
-------------------------+-------+-------++-------
Melee: Unarmed           |    30 |       ||    30
       Club              |    26 |       ||    26
       Dagger            |   386 |       ||   386
 Cast: Magic Dart        |    66 |       ||    66
       Searing Ray       |    15 |     1 ||    16
 Stab: Sleeping          |     1 |       ||     1
Armor: Robe              |    26 |       ||    26
Dodge: Dodged            |    66 |     2 ||    68

Table legend:
 A = Non-vault XP
 B = Vault XP
 C = Vault XP percentage of total XP
 D = Non-vault monster count
 E = Vault monster count
 F = Vault count percentage of total count
                 A         B        C        D         E       F
            +---------+---------+-------+---------+---------+-------
      Total |      78 |      45 |  36.6 |      39 |       7 |  15.2
            +---------+---------+-------+---------+---------+-------
        D:1 |      63 |      10 |  13.7 |      31 |       6 |  16.2
        D:2 |      15 |      35 |  70.0 |       8 |       1 |  11.1
            +---------+---------+-------+---------+---------+-------
